 Dungeon Crawl Stone Soup version 0.28-b1-1-g3c77fb2ed1 (webtiles) character file.

Game seed: 14367610690590695107

517 McKennaii the Conjurer (level 6, -1/45 HPs)
             Began as a Demigod Conjurer on Jan 29, 2022.
             Slain by Crazy Yiuf (5 damage)
             ... on level 3 of the Dungeon.
             The game lasted 00:03:24 (4044 turns).

McKennaii the Conjurer (Demigod Conjurer)           Turns: 4044, Time: 00:03:24

Health: -1/45      AC:  3    Str:  8    XL:     6   Next: 68%
Magic:  13/16      EV: 12    Int: 28    God:
Gold:   158        SH:  0    Dex: 12    Spells: 7/14 levels left

rFire   . . .      SeeInvis .   (no weapon)
rCold   + . .      Faith    .   (no shield)
rNeg    . . .      Spirit   .   a - +0 robe
rPois   .          Reflect  .   h - +0 helmet
rElec   .          Harm     .   (no cloak)
rCorr   .          Rampage  .   (no gloves)
Will    .....                   (no boots)
Stlth   ++........              (no amulet)
HPRegen 0.15/turn               j - ring of protection from cold
MPRegen 0.15/turn               (no ring)

@: no status effects
A: high mp 1, forlorn, divine attributes
a: no special abilities


You were on level 3 of the Dungeon.
You visited 1 branch of the dungeon, and saw 5 of its levels.

You collected 158 gold pieces.

Inventory:

Armour
 a - a +0 robe (worn)
 h - a +0 helmet (worn)
Jewellery
 j - a ring of protection from cold (left hand)
Wands
 g - a wand of polymorph (6)
Scrolls
 c - a scroll of magic mapping {unknown}
 e - a scroll of fog {unknown}
 i - a scroll of fear {unknown}
 k - a scroll of identify {unknown}
Potions
 b - 2 potions of haste {unknown}
 d - 3 potions of curing {unknown}
 f - a potion of ambrosia {unknown}


   Skills:
 - Level 1.7 Dodging
 - Level 1.7 Stealth
 + Level 4.6 Spellcasting
 + Level 6.0 Conjurations


You had 7 spell levels left.
You knew the following spells:

 Your Spells              Type           Power      Damage    Failure   Level
a - Magic Dart            Conj           100%       1d8       1%          1
b - Searing Ray           Conj           80%        2d7       1%          2
c - Iskenderun's Mystic   Conj/Tloc      23%        2d6       21%         4

Your spell library contained the following spells:

 Spells                   Type           Power      Damage    Failure   Level
 Dazzling Flash           Conj/Hex       46%        N/A       6%          3
 Fulminant Prism          Conj/Hex       11%        3d9       21%         4


Dungeon Overview and Level Annotations

Branches:
Dungeon (5/15)
 Temple: D:4-7

Annotations:
D:3 Crazy Yiuf


Innate Abilities, Weirdness & Mutations

You have an increased reservoir of magic. (+10% MP)
You shall have no god before yourself.
Your divine heritage dramatically boosts your attributes as you level up.


Message History

You enter the shallow water.
Moving in this stuff is going to be slow.
There is an open door here.
Key pressed, stopping explore.
You can't see any susceptible monsters within range! (Use Z to cast anyway.)
You see here a +0 mace.
You can't see any susceptible monsters within range! (Use Z to cast anyway.) Could not explore, unopened runed door.
You can't see any susceptible monsters within range! (Use Z to cast anyway.) Could not explore, unopened runed door.
You can't see any susceptible monsters within range! (Use Z to cast anyway.)
(D) Dungeon
Where to? (Enter - D:3, ? - help)
What level of the Dungeon? (default 1, ? - help)
Okay, then.
You open the door.
Crazy Yiuf laughs, "Tosser down ena!"
Casting: Magic Dart (safe; 1% risk of failure)
Confirm with . or Enter, or press ? or * to list all spells.
Aiming: Searing Ray (safe; 1% risk of failure)
Press: ? - help, Shift-Dir - straight line, f - Crazy Yiuf
Aim: Crazy Yiuf, wielding a +4 quarterstaff of chaos and wearing a +2 cloak of poison resistance (84% to hit)
The searing ray hits Crazy Yiuf!
Crazy Yiuf is heavily wounded. (Press . to maintain the ray.) Crazy Yiuf closely misses you.
The searing ray hits Crazy Yiuf.
Crazy Yiuf is severely wounded.
Crazy Yiuf hits you with a +4 quarterstaff of chaos!
You are confused.
Crazy Yiuf barely misses you.
Crazy Yiuf hits you with a +4 quarterstaff of chaos!
You are electrocuted!!
* * * LOW HITPOINT WARNING * * *
Unknown command.
You're too confused to cast spells.
You bump into the tree.
You feel less confused.
Crazy Yiuf hits you with a +4 quarterstaff of chaos.
You die...

#.)..####...........
#..).# ########.###
♣..P.♣ #.#.. ♣.PP♣♣
#.#.# ♣♣.♣♣ #.#<.
♣.♣♣ #.### ♣♣.♣
#.... ♣.♣♣ ###
###### ♣♣@♣ #≈#
#>.... #g#
###≈###'#### ...
#.#≈#.....# #...#
#..≈......# #..)#
#..≈......# #####
#..≈......#
#.###.....#
#.........##
###.........


You could see Crazy Yiuf.

Vanquished Creatures
  Sigmund (D:2)
  An ogre (D:4)
  A water moccasin skeleton (D:3)
  A centaur skeleton (D:4)
  Jessica (D:2)
  An iguana (D:4)
  An orc wizard (D:3)
  A hound skeleton (D:4)
  Robin (D:2)
  2 adders
  3 worms
  A dart slug (D:2)
  6 orcs (D:3)
  5 endoplasms
  5 giant cockroaches
  13 goblins
  9 hobgoblins
  3 jackals (D:1)
  A quokka (D:3)
  4 ball pythons
  A frilled lizard (D:3)
  5 kobolds
  8 rats
75 creatures vanquished.

Notes
Turn   | Place    | Note
-------+----------+-------------------------------------------
     0 | D:1      | McKennaii the Demigod Conjurer began the quest for the Orb.
     0 | D:1      | Reached XP level 1. HP: 14/14 MP: 5/5
   554 | D:1      | Reached XP level 2. HP: 20/20 MP: 4/7
   674 | D:1      | Reached skill level 4 in Conjurations
  1178 | D:2      | Learned a level 2 spell: Searing Ray
  1371 | D:2      | Reached XP level 3. HP: 26/26 MP: 4/9
  1429 | D:2      | Noticed Sigmund
  1436 | D:2      | Killed Sigmund
  1437 | D:2      | Reached skill level 5 in Conjurations
  1437 | D:2      | Reached XP level 4. HP: 4/33 MP: 1/12
  1437 | D:2      | Reached XP level 5. HP: 5/38 MP: 1/13
  1813 | D:2      | Learned a level 4 spell: Iskenderun's Mystic Blast
  1884 | D:2      | Noticed Jessica
  1888 | D:2      | Killed Jessica
  2096 | D:2      | Noticed Robin
  2105 | D:2      | Killed Robin
  2895 | D:3      | You fall into a shaft and drop 2 floors!
  2895 | D:5      | Entered Level 5 of the Dungeon
  2981 | D:4      | Reached XP level 6. HP: 42/45 MP: 7/15
  3420 | D:3      | Reached skill level 6 in Conjurations
  3761 | D:3      | Noticed a profane servitor
  3774 | D:3      | Noticed an angel
  3928 | D:3      | Found a runed translucent door.
  3929 | D:3      | Noticed Crazy Yiuf
  4044 | D:3      | Slain by Crazy Yiuf

Illustrated notes

Levels and vault maps discovered:
D:1:      psy_arrival_dodecagon, layout_loops_ring
D:2:      layout_basic, ebering_ecumenical_altar_hall, uniq_sigmund, uniq_robin,
          uniq_jessica
D:3:      layout_basic, grunt_temple_overflow_holy_war,
          mainiacjoe_overflow_surrounded_room, nicolae_ru_the_path_less_chosen,
          mainiacjoe_overflow_two_lobes, serial_rivers,
          chequers_serial_rivers_micro_b, chequers_serial_rivers_micro_c,
          chequers_serial_rivers_room_a, chequers_serial_rivers_large_a,
          chequers_serial_rivers_small_b, chequers_serial_rivers_micro_a,
          hangedman_decor_lopped, minmay_misc_feat_chi, uniq_crazy_yiuf_cottage
D:4:      layout_loops_cross, amcnicky_altar_gilded, fedhas_altar_1
D:5:      layout_basic

Skill      XL: |  1  2  3  4  5  6 |
---------------+-------------------+-----
Spellcasting   | 2 3 4 |  4.6
Conjurations   | 4 5 6 |  6.0
Dodging        | |  1.7
Stealth        | |  1.7

Action                   |  1- 3 |  4- 6 || total
-------------------------+-------+-------++-------
 Cast: Magic Dart        |    72 |    66 ||   138
       Searing Ray       |     1 |    17 ||    18
Armor: Robe              |     1 |     7 ||     8
Dodge: Dodged            |     5 |    26 ||    31
